 Dungeon Sprint DCSS version 0.29.1-2-gbd0b4ee654 (webtiles) character file.

Game seed: 16282134165797841843

35 boopmooplesden the Slasher (level 3, 0/54 HPs)
             Began as a Hill Orc Berserker on Nov 29, 2022.
             Was a Believer of Trog.
             Drowned by a water elemental (5 damage)
             ... in the Dungeon (Sprint III: "The Ten Rune Challenge").
             The game lasted 00:00:54 (284 turns).

boopmooplesden the Slasher (Hill Orc Berserker)      Turns: 284, Time: 00:00:54

Health: 0/54       AC:  2    Str: 20    XL:     3   Next: 35%
Magic:  3/3        EV: 12    Int: 11    God:    Trog [**....]
Gold:   29         SH:  0    Dex:  9    Spells: 2/2 levels left

rFire   . . .      SeeInvis .   a - +0 falchion
rCold   . . .      Faith    .   (no shield)
rNeg    . . .      Spirit   .   b - +0 animal skin
rPois   .          Reflect  .   (no helmet)
rElec   .          Harm     .   (no cloak)
rCorr   .          Rampage  .   (no gloves)
Will    .....      NoTele   +   (no boots)
Stlth   ..........              (no amulet)
HPRegen 0.18/turn               (no ring)
MPRegen 0.08/turn               (no ring)

@: berserking, engulfed (cannot breathe), very quick
A: claws 1, clever 1
a: Renounce Religion, Berserk, Trog's Hand


You were in the Dungeon.
You worshipped Trog.
Trog was pleased with you.
You visited 1 branch You collected 29 gold pieces.

Inventory:

Hand Weapons
 a - a +0 falchion (weapon)
Armour
 b - a +0 animal skin (worn)
Scrolls
 h - a scroll of blinking
 i - 2 scrolls of torment {unknown}
 j - a scroll of identify {unknown}
 l - a scroll of immolation {unknown}
Potions
 c - a potion of curing
 d - a potion of heal wounds
 e - a potion of haste
 f - 2 potions of magic
 g - a potion of berserk rage
 k - a potion of flight {unknown}
 m - 2 potions of brilliance {unknown}
 n - a potion of mutation


   Skills:
 + Level 5.5 Fighting
 + Level 5.5 Long Blades
 + Level 3.0 Armour
 + Level 2.7 Dodging
 + Level 0.3 Stealth


You had 2 spell levels left.
You didn't know any spells.
Your spell library was empty.

Dungeon Overview and Level Annotations

Branches:
Dungeon (1/1)

Altars:


Innate Abilities, Weirdness & Mutations

You have sharp fingernails.
Your mind is acute. (Int +4, Str/Dex -1)


Message History

You feel extremely strange.
You no longer become unable to drink potions after taking damage.
You feel robust.
You no longer feel cold resistant.
You feel yourself wasting away.
You feel a hidden malignance growing inside you.
You feel clever.
Really quaff the potion of mutation?
You feel extremely strange.
You no longer feel a malignance within.
You feel healthier.
Your fingernails lengthen.
You open the door.
A red film seems to cover your vision as you go berserk!
You feel yourself moving faster!
You feel mighty!
A water elemental comes into view.
You feel a strong urge to attack something.
There is an open door to the Ecumenical Temple here.
You hit the water elemental.
The water elemental is lightly damaged.
The water elemental hits you!
The water elemental engulfs you in water!
You slash the water elemental!
The water elemental is heavily damaged.
Your lungs strain for air!
You closely miss the water elemental.
The water elemental is heavily damaged.
Your lungs strain for air!
The water elemental hits you!!
* * * LOW HITPOINT WARNING * * *
You slash the water elemental!
The water elemental is almost destroyed.
* * * LOW HITPOINT WARNING * * *
Your lungs strain for air!
The water elemental barely misses you.
You barely miss the water elemental.
The water elemental is almost destroyed.
* * * LOW HITPOINT WARNING * * *
Your lungs strain for air!
You closely miss the water elemental.
The water elemental is almost destroyed.
You die...

▓▓▓▓▓▓▓ ▓▓▓ ..#)..####
##.# ..#......#####..#
.##....†..#..#..#
#.##.##...#..#..###+#+##
#.##.###..##'#..#.......
.####.##..###...@.⌠.....
###..##..####...#E..####
..†..##..###....#.⌠.#
##..##...##.....#...#
#..##....#......#+###
..###..##.#.....# ..#
#.. ####....# ▓▓▓ ▓▓▓
▓▓▓▓▓▓


You could see a water elemental.

Vanquished Creatures
  A human (D)
  A wolf (D)
  An endoplasm (D)
  3 rats (D)
6 creatures vanquished.

Notes
Turn   | Place    | Note
-------+----------+-------------------------------------------
     0 | D        | boopmooplesden the Hill Orc Berserker began the quest for
                  | the Orb.
     0 | D        | Reached XP level 1. HP: 19/19 MP: 1/1
    40 | D        | Reached ** piety under Trog
    54 | D        | Noticed a wolf
    60 | D        | Killed a wolf
    61 | D        | Reached XP level 2. HP: 12/28 MP: 2/2
    70 | D        | Reached skill level 5 in Fighting
    70 | D        | Reached skill level 5 in Long Blades
    70 | D        | Reached XP level 3. HP: 16/36 MP: 3/3
   271 | D        | Gained mutation: Your flesh is cold resistant. (rC+)
                  | [potion of mutation]
   271 | D        | Gained mutation: You have a pair of small horns on your
                  | head. [potion of mutation]
   272 | D        | Lost mutation: You have a pair of small horns on your head.
                  | [potion of mutation]
   272 | D        | Lost mutation: Your flesh is cold resistant. (rC+) [potion
                  | of mutation]
   272 | D        | Gained mutation: You are frail. (-10% HP) [potion of
                  | mutation]
   272 | D        | Gained mutation: You occasionally lose the ability to drink
                  | potions when taking damage. [potion of mutation]
   272 | D        | Gained mutation: Your flesh is cold resistant. (rC+)
                  | [potion of mutation]
   273 | D        | Lost mutation: You occasionally lose the ability to drink
                  | potions when taking damage. [potion of mutation]
   273 | D        | Lost mutation: You are frail. (-10% HP) [potion of
                  | mutation]
   273 | D        | Lost mutation: Your flesh is cold resistant. (rC+) [potion
                  | of mutation]
   273 | D        | Gained mutation: Your body sometimes deteriorates upon
                  | taking damage. [potion of mutation]
   273 | D        | Gained mutation: You have hidden genetic defects. [potion
                  | of mutation]
   273 | D        | Gained mutation: Your mind is acute. (Int +4, Str/Dex -1)
                  | [potion of mutation]
   274 | D        | Lost mutation: You have hidden genetic defects. [potion of
                  | mutation]
   274 | D        | Lost mutation: Your body sometimes deteriorates upon taking
                  | damage. [potion of mutation]
   274 | D        | Gained mutation: You have sharp fingernails. [potion of
                  | mutation]
   278 | D        | Noticed a water elemental
   284 | D        | Drowned by a water elemental

Illustrated notes

Levels and vault maps discovered:
D:        dungeon_sprint_mu [sprint_mu_entry_cave, sprint_mu_temple_rooms,
          sprint_mu_d1_spiders, sprint_mu_d2_genie, sprint_mu_d3_branching,
          sprint_mu_orc_legion, sprint_mu_elf_gauntlet, sprint_mu_hive_nellie,
          sprint_mu_lair_fedhas, sprint_mu_vaults_butterflies,
          sprint_mu_slime_circle, sprint_mu_swamp_cave, sprint_mu_shoals_kraken,
          sprint_mu_blade_basic, sprint_mu_crypt_lich, sprint_mu_tomb_spiral,
          sprint_mu_vestibule_basic, sprint_mu_gehenna_hellfire,
          sprint_mu_dis_giant, sprint_mu_tartarus_statrot,
          sprint_mu_cocytus_islands, sprint_mu_zot1]

Skill      XL: |  1  2 |
---------------+-------+-----
Fighting       | 4 5 |  5.5
Dodging        | 2 |  2.7
Long Blades    | 4 5 |  5.5
Armour         | 3 |  3.0
Stealth        | |  0.3

Action                   || total
-------------------------++-------
Melee: Falchion          ||    37
Invok: Berserk           ||     2
  Use: Potion            ||     4
 Stab: Sleeping          ||     1
Armor: Animal skin       ||     2
Dodge: Dodged            ||    20
